 Dungeon Crawl Stone Soup version 0.19.1 (webtiles) character file.

20985 Esekla the Carver (level 12, -7/88 HPs)
             Began as an Octopode Enchanter on Nov 25, 2016.
             Was a Priest of Ashenzari.
             Mangled by a six-headed hydra (14 damage)
             ... on level 1 of the Lair of Beasts.
             The game lasted 04:04:33 (15452 turns).

Esekla the Carver (Octopode Enchanter)             Turns: 15452, Time: 04:04:34

Health: -7/88      AC:  4    Str: 14    XL:     12   Next: 85%
Magic:  22/29      EV: 24    Int: 23    God:    Ashenzari [***...]
Gold:   746        SH:  0    Dex: 15    Spells: 6 memorised, 0 levels left

rFire  x . .     SeeInvis +     T - +4 short sword
rCold  + . .     Gourm    +     (no shield)
rNeg   . . .     Faith    .     U - +3 hat of Pondering {ponderous, MR+ MP+10 Int+5}
rPois  +         Spirit   .     f - amulet of the gourmand
rElec  +         Reflect  .     d - +6 ring of evasion (curse)
rCorr  +         Harm     .     g - ring of stealth (curse)
MR     +....                    v - +2 ring of slaying (curse)
Stlth  ++++++....               A - ring of resist corrosion
                                D - +3 ring of strength
                                V - ring of poison resistance
                                X - ring of Oleezec {Ice +Inv Int-2 SInv Stlth+} (curse)
                                (no ring)

@: slow
A: almost no armour, stealthy swim, amphibious, 8 rings, constrict 8, camouflage
1, low mp 1, robust 1, electricity resistance, strong 2, gelatinous body 1
a: Curse Item, Scrying, Renounce Religion, Evoke Invisibility


You were on level 1 of the Lair of Beasts.
You worshipped Ashenzari.
Ashenzari was most pleased with you.
You were not hungry.

You visited 4 branches of the dungeon, and saw 14 of its levels.

You collected 1125 gold pieces.
You spent 379 gold pieces at shops.

Inventory:

Hand Weapons
 r - a +0 dagger of venom
 y - a +1 dagger of speed
 M - a +7 great sword of venom
 R - a +3 battleaxe
 T - a +4 short sword (weapon)
Missiles
 i - 270 stones
 j - 3 steel tomahawks
 m - 2 tomahawks of dispersal
 u - 31 tomahawks (quivered)
 L - 4 tomahawks of returning
Armour
 U - the +3 hat of Pondering (worn) {ponderous, MR+ MP+10 Int+5}
   (You took it off Gastronok on level 8 of the Dungeon)

   It affects your intelligence (+5).
   It affects your resistance to hostile enchantments.
   It affects your magic capacity (+10).
Rods
 O - a +0 rod of clouds (14/14)
   (You took it off an orc priest on level 6 of the Dungeon)
Jewellery
 b - an uncursed ring of ice
 d - a cursed +6 ring of evasion (left tentacle)
 f - an amulet of the gourmand (around mantle)
 g - a cursed ring of stealth (right tentacle)
 v - a cursed +2 ring of slaying (on tentacle)
 A - a ring of resist corrosion (on tentacle)
 D - a +3 ring of strength (on tentacle)
 K - an uncursed amulet of magic regeneration
 V - a ring of poison resistance (on tentacle)
 X - the cursed ring of Oleezec (on tentacle) {Ice +Inv Int-2 SInv Stlth+}
   (You acquired it on level 10 of the Dungeon)

   [ring of ice]

   It enhances your ice magic.
   It affects your intelligence (-2).
   It makes you vulnerable to fire.
   It protects you from cold.
   It lets you see invisible.
   It lets you turn invisible.
   It makes you more stealthy.
   It has a curse placed upon it.
Wands
 o - a wand of flame (28/48)
 p - a wand of confusion (48/48)
 s - a wand of iceblast (0/15)
Scrolls
 l - a scroll of fear
 n - a scroll of identify
 t - a scroll of noise
 x - a scroll of magic mapping
 B - 3 scrolls of teleportation
Potions
 a - 3 potions of magic
 e - a potion of cancellation
 h - 7 potions of curing
 k - a potion of flight
 q - a potion of invisibility
 w - a potion of ambrosia
 C - 2 potions of agility
 G - 2 potions of haste
 I - 2 potions of might
 J - 4 potions of lignification
 Q - a potion of brilliance
Books
 z - a book of Misfortune

   Spells                             Type                      Level
   a - Confusing Touch                Hexes                        1
   b - Confuse                        Hexes                        3
   c - Gell's Gravitas                Hexes/Translocation          3
   d - Petrify                        Transmutation/Earth          4
   e - Metabolic Englaciation         Hexes/Ice                    5
   f - Yara's Violent Unravelling     Hexes/Transmutation          5
 E - a book of Geomancy

   Spells                             Type                      Level
   a - Sandblast                      Earth                        1
   b - Passwall                       Transmutation/Earth          2
   c - Stone Arrow                    Conjuration/Earth            3
   d - Petrify                        Transmutation/Earth          4
   e - Lee's Rapid Deconstruction     Earth                        5
 W - a book of Flames

   Spells                             Type                      Level
   a - Flame Tongue                   Conjuration/Fire             1
   b - Throw Flame                    Conjuration/Fire             2
   c - Conjure Flame                  Conjuration/Fire             3
   d - Inner Flame                    Hexes/Fire                   3
   e - Sticky Flame                   Conjuration/Fire             4
   f - Fireball                       Conjuration/Fire             5
Comestibles
 c - 7 bread rations
 P - 3 beef jerkies
 Y - 8 slices of pizza


   Skills:
 - Level 6.5 Fighting
 - Level 5.9(10.0) Short Blades
 - Level 12.2(12.7) Long Blades
 - Level 0.6 Throwing
 - Level 8.0 Dodging
 - Level 4.0 Stealth
 - Level 6.0 Spellcasting
 - Level 5.4 Conjurations
 - Level 4.8 Hexes
 - Level 6.3 Fire Magic
 * Level 1.7 Earth Magic
 - Level 4.7 Evocations


You couldn't memorise any spells.
You knew the following spells:

 Your Spells              Type           Power        Failure   Level  Hunger
a - Lee's Rapid Deconstr  Erth           ##........   95%         5    #####..
b - Dazzling Spray        Conj/Hex       ####..       3%          3    #......
c - Confuse               Hex            ####....     4%          3    #......
d - Tukima's Dance        Hex            ####....     4%          3    #......
e - Sticky Flame          Conj/Fire      ####....     10%         4    ###....
f - Fireball              Conj/Fire      ####......   24%         5    #####..


Dungeon Overview and Level Annotations

Branches:
Dungeon (11/15)            Temple (1/1) D:4            Lair (1/6) D:10
    Orc (1/2) D:11

Altars:
Ashenzari
Cheibriados
Dithmenos
Elyvilon
Fedhas
Gozag
Hepliaklqana
Kikubaaqudgha
Makhleb
Nemelex Xobeh
Okawaru
Qazlal
Ru
Sif Muna
Trog
Uskayaw
Vehumet
Xom
Yredelemnul
Zin
The Shining One

Shops:
D:5 !   D:8 *

Annotations:
D:10 exclusion: obsidian statue


Innate Abilities, Weirdness & Mutations

You cannot wear most types of armour.
You are very stealthy in the water. (Stealth+)
You are amphibious.
You can wear up to eight rings at the same time.
You can use your tentacles to constrict eight enemies at once.
Your skin changes colour to match your surroundings (Stealth+).
Your rubbery body absorbs attacks. (AC +1, EV +1)
Your magical capacity is low. (-10% MP)
You are robust. (+10% HP)
You are resistant to electric shocks. (rElec)
Your muscles are very strong. (Str +4)


Message History

The eight-headed hydra burns!
The six-headed hydra burns!
The six-headed hydra bites you. The six-headed hydra bites you!
The six-headed hydra barely misses you.
The six-headed hydra completely misses you.
The six-headed hydra bites you! The six-headed hydra barely misses you.
The eight-headed hydra barely misses you.
The eight-headed hydra bites you. The eight-headed hydra misses you.
The eight-headed hydra closely misses you.
The eight-headed hydra bites you. The eight-headed hydra misses you.
The eight-headed hydra completely misses you.
The eight-headed hydra misses you.
The eight-headed hydra burns!
The six-headed hydra burns!
The six-headed hydra closely misses you.
The six-headed hydra bites you!
* * * LOW HITPOINT WARNING * * *
The six-headed hydra closely misses you.
The six-headed hydra misses you. The six-headed hydra bites you!
* * * LOW HITPOINT WARNING * * *
The six-headed hydra bites you!
You die...

.............................
,
...........................#.
........###............#..##.
......... #.....((....####...
* ...###.##*#........#...#
#.## ...* ##
#....(##...#.###.## **
#......###....#..## *
###DD....######....##
#...@(.......#....##.
#....###.....#....... #....#
#.............
##...###.........####
#...##.........##
##.†#.##........#
##..............##
##<...#...##P....#
#?....P...#......#


You could see an eight-headed hydra (burning) and a six-headed hydra (burning).

Vanquished Creatures
  Gastronok (D:8)
  Snorg (Orc:1)
  2 hydras (D:11)
  The ghost of stigmas the Martial Artist, a novice DsTm of Kikubaaqudgha (D:11)
  3 hill giants (D:10)
  An orc sorcerer (Orc:1)
  A manticore (D:11)
  Psyche (D:10)
  A gargoyle (D:10)
  3 spiny frogs (Lair:1)
  A kobold demonologist (D:11)
  3 komodo dragons
  A troll (D:10)
  Grinder (D:4)
  2 two-headed ogres
  Sigmund (D:4)
  2 hippogriffs
  A vampire (D:10)
  A wyvern (D:9)
  10 yaks
  2 hogs (D:7)
  A basilisk (Lair:1)
  A human (D:7)
  A warg (Orc:1)
  A soldier ant (D:11)
  Duvessa (D:7)
  3 water moccasins
  9 orc warriors
  3 porcupines (Lair:1)
  2 ice beasts
  3 phantoms
  A black bear (D:7)
  4 sky beasts
  A slave (D:9)
  5 ogres
  5 wolves (Lair:1)
  A centaur (D:9)
  3 big kobolds
  A crocodile (Lair:1)
  Blork the orc (D:4)
  8 bullfrogs
  Dowan (D:7)
  2 scorpions
  10 killer bees
  8 wights (D:6)
  An electric eel (D:10)
  3 howler monkeys (D:7)
  6 crimson imps
  2 bullfrog zombies
  2 centaur zombies (D:9)
  5 jellies
  6 orc priests
  3 bullfrog skeletons
  4 hounds
  4 iguanas
  Crazy Yiuf (D:4)
  21 orc wizards
  10 worker ants
  A hell rat (D:10)
  A hound zombie (D:7)
  2 hound skeletons
  A howler monkey zombie (D:11)
  2 worker ant zombies (D:5)
  9 gnolls
  6 adders
  3 shadow imps
  An ooze (D:7)
  An adder zombie (D:9)
  2 worms
  5 leopard geckos
  82 orcs
  8 giant cockroaches
  5 goblins
  8 hobgoblins
  6 jackals
  5 quokkas
  A ball python (D:5)
  5 bats
  6 frilled lizards
  19 kobolds
  A quokka skeleton (D:6)
  7 rats
371 creatures vanquished.

Vanquished Creatures (collateral kills)
  An ogre (Orc:1)
1 creature vanquished.

Vanquished Creatures (others)
  Fannar (Orc:1)
  A dancing weapon (D:6)
  A giant cockroach (D:2)
  A rat (D:2)
  A plant (Lair:1)
5 creatures vanquished.

Grand Total: 377 creatures vanquished

Notes
Turn   | Place    | Note
-------+----------+-------------------------------------------
     0 | D:1      | Esekla the Octopode Enchanter began the quest for the Orb.
     0 | D:1      | Reached XP level 1. HP: 11/11 MP: 3/3
   285 | D:1      | Reached skill level 1 in Fighting
   392 | D:1      | Found a sparkling altar of Nemelex Xobeh.
   561 | D:1      | Reached XP level 2. HP: 13/18 MP: 5/5
  1155 | D:2      | Found a bloodstained altar of Trog.
  1232 | D:2      | Reached XP level 3. HP: 24/24 MP: 6/6
  1249 | D:2      | Learned a level 3 spell: Dazzling Spray
  1309 | D:2      | Found a glowing golden altar of the Shining One.
  1626 | D:2      | Reached skill level 1 in Conjurations
  1626 | D:2      | Reached XP level 4. HP: 29/29 MP: 7/7
  1631 | D:2      | Learned a level 3 spell: Confuse
  1753 | D:2      | Found a stormy altar of Qazlal.
  2169 | D:3      | Found a hazy altar of Hepliaklqana.
  2452 | D:3      | Reached XP level 5. HP: 34/34 MP: 8/8
  2527 | D:3      | Found a shadowy altar of Dithmenos.
  2870 | D:4      | Found a staircase to the Ecumenical Temple.
  2940 | Temple   | Entered the Ecumenical Temple
  3008 | Temple   | Became a worshipper of Ashenzari the Shackled
  3104 | D:4      | Noticed Sigmund
  3113 | D:4      | Killed Sigmund
  3113 | D:4      | Reached XP level 6. HP: 33/41 MP: 9/9
  3429 | D:4      | Noticed Grinder
  3549 | D:5      | Entered Level 5 of the Dungeon
  3555 | D:5      | Found Cetou's Distillery.
  3629 | D:5      | Reached XP level 7. HP: 44/45 MP: 10/10
  3670 | D:5      | Noticed a hand axe
  3671 | D:5      | Noticed a hand axe
  3674 | D:5      | Found a hide-covered altar of Uskayaw.
  3757 | D:5      | Bought a potion of degeneration for 11 gold pieces
  3757 | D:5      | Bought a potion of lignification for 33 gold pieces
  3757 | D:5      | Bought a potion of might for 44 gold pieces
  3757 | D:5      | Bought 2 potions of heal wounds for 110 gold pieces
  3953 | D:5      | Learned a level 3 spell: Tukima's Dance
  3977 | D:4      | Killed Grinder
  4012 | D:4      | Found a basalt altar of Yredelemnul.
  4015 | D:4      | Noticed Blork the orc
  4034 | D:4      | Killed Blork the orc
  4034 | D:4      | Reached XP level 8. HP: 54/54 MP: 5/11
  4095 | D:4      | Found a runed door.
  4142 | D:4      | Gained mutation: You are resistant to electric shocks. (rElec) [potion of mutation]
  4142 | D:4      | Gained mutation: Your magical capacity is low. (-10% MP) [potion of mutation]
  4142 | D:4      | Gained mutation: Your muscles are strong. (Str +2) [potion of mutation]
  4143 | D:4      | Gained mutation: You are robust. (+10% HP) [potion of mutation]
  4143 | D:4      | Gained mutation: Your muscles are very strong. (Str +4) [potion of mutation]
  4302 | D:4      | Noticed Crazy Yiuf
  4308 | D:4      | Killed Crazy Yiuf
  4308 | D:4      | Reached skill level 5 in Short Blades
  4408 | D:5      | Got the whip of Wealth {pain, rF+ MR+ Stlth+}
  4424 | D:5      | Reached skill level 5 in Dodging
  4435 | D:5      | Found a blossoming altar of Fedhas.
  4749 | D:6      | Reached * piety under Ashenzari
  5283 | D:6      | Identified the +7 whip of Wealth {pain, rF+ MR+ Stlth+} (You found it on level 5 of the Dungeon)
  5343 | D:6      | Found a deep blue altar of Sif Muna.
  5357 | D:6      | Identified Sif Muna's Papyrus of Envenoming
  5580 | D:6      | Reached skill level 1 in Long Blades
  5580 | D:6      | Reached XP level 9. HP: 42/64 MP: 12/12
  5869 | D:5      | Bought a potion of magic for 88 gold pieces
  6074 | D:7      | Reached skill level 2 in Long Blades
  6108 | D:7      | Noticed Dowan
  6154 | D:6      | Reached skill level 1 in Evocations
  6484 | D:7      | Reached skill level 3 in Long Blades
  6801 | D:7      | Got the trident "Osacvyru" {venom, rN+++ Dex-2 SInv}
  6819 | D:7      | Noticed Duvessa
  7075 | D:7      | Reached skill level 4 in Long Blades
  7092 | D:7      | Killed Duvessa
  7092 | D:7      | Reached skill level 5 in Long Blades
  7102 | D:7      | Killed Dowan
  7137 | D:7      | Found a sparkling altar of Nemelex Xobeh.
  7259 | D:7      | Reached skill level 6 in Long Blades
  7579 | D:7      | Reached skill level 7 in Long Blades
  7579 | D:7      | Reached XP level 10. HP: 38/71 MP: 13/13
  7870 | D:8      | Reached skill level 8 in Long Blades
  8101 | D:8      | Found a glowing silver altar of Zin.
  8111 | D:8      | Found a radiant altar of Vehumet.
  8111 | D:8      | Found a burning altar of Makhleb.
  8146 | D:8      | Noticed Gastronok
  8226 | D:8      | Found Heh Kavo's Assorted Antiques.
  8406 | D:8      | Bought a scroll of remove curse for 93 gold pieces
  8411 | D:8      | Learned a level 1 spell: Corona
  8801 | D:8      | Found a bloodstained altar of Trog.
  9041 | D:8      | Killed Gastronok
  9041 | D:8      | Reached skill level 10 in Long Blades
  9233 | D:8      | Learned a level 4 spell: Sticky Flame
  9448 | D:9      | Reached ** piety under Ashenzari
  9744 | D:9      | Found a deep blue altar of Sif Muna.
  9951 | D:9      | Reached XP level 11. HP: 77/77 MP: 14/14
  9989 | D:9      | Reached skill level 11 in Long Blades
 10041 | D:9      | Reached skill level 1 in Fire Magic
 10255 | D:10     | Entered Level 10 of the Dungeon
 10280 | D:10     | Identified a scroll of acquirement
 10280 | D:10     | Identified the cursed ring of Oleezec {Ice +Inv Int-2 SInv Stlth+} (You acquired it on level 10 of the Dungeon)
 10293 | D:10     | Found a shimmering altar of Xom.
 10451 | D:10     | Noticed a hill giant
 10885 | D:10     | Noticed a hill giant
 10902 | D:10     | Killed a hill giant
 11097 | D:10     | Noticed an obsidian statue
 11157 | D:10     | Found a staircase to the Lair.
 11214 | Lair:1   | Entered Level 1 of the Lair of Beasts
 11262 | Lair:1   | Reached skill level 5 in Fighting
 11398 | Lair:1   | Reached skill level 5 in Spellcasting
 11733 | Lair:1   | Noticed an eight-headed hydra
 11850 | Lair:1   | Identified a +0 rod of clouds (14/14) (You took it off an orc priest on level 6 of the Dungeon)
 11871 | D:10     | Noticed Psyche
 11876 | D:10     | Killed Psyche
 11876 | D:10     | Reached skill level 5 in Fire Magic
 11911 | D:10     | Killed a hill giant
 11964 | D:10     | Noticed a hill giant
 11988 | D:10     | Killed a hill giant
 11988 | D:10     | Reached XP level 12. HP: 51/85 MP: 18/18
 11995 | D:10     | Learned a level 5 spell: Fireball
 12662 | D:11     | Noticed a five-headed hydra
 12683 | D:11     | HP: 3/85 [five-headed hydra (9)]
 12686 | D:11     | Killed a five-headed hydra
 13122 | D:11     | Noticed stigmas's ghost (novice DsTm)
 13151 | D:11     | Killed stigmas's ghost
 13686 | D:11     | Noticed a four-headed hydra
 13872 | D:11     | Killed a four-headed hydra
 14036 | D:11     | Found a staircase to the Orcish Mines.
 14276 | Orc:1    | Entered Level 1 of the Orcish Mines
 14347 | Orc:1    | Noticed Fannar
 14357 | Orc:1    | Killed Fannar
 14565 | Orc:1    | Reached *** piety under Ashenzari
 14688 | Orc:1    | Noticed Snorg
 14688 | Orc:1    | Reached skill level 12 in Long Blades
 14699 | Orc:1    | Reached skill level 5 in Conjurations
 14700 | Orc:1    | Killed Snorg
 15355 | Lair:1   | Learned a level 5 spell: Lee's Rapid Deconstruction
 15368 | Lair:1   | Noticed a six-headed hydra
 15411 | Lair:1   | Reached skill level 1 in Earth Magic
 15452 | Lair:1   | Mangled by a six-headed hydra

Skill      XL: |  1  2  3  4  5  6  7  8  9 10 11 12 |
---------------+-------------------------------------+-----
Fighting       | 1 2 3 4 5 6 |  6.5
Conjurations   | 1 2 3 4 5 |  5.4
Short Blades   | 2 3 4 5 |  5.9
Dodging        | 3 4 5 6 7 8 |  8.0
Spellcasting   | 3 5 6 |  6.0
Long Blades    | 1 7 10 11 12 | 12.2
Hexes          | 4 |  4.8
Evocations     | 2 4 |  4.7
Fire Magic     | 5 6 |  6.3
Earth Magic    | 1 |  1.7
Throwing       | |  0.6
Stealth        | |  4.0

Action                   |  1- 3 |  4- 6 |  7- 9 | 10-12 || total
-------------------------+-------+-------+-------+-------++-------
Melee: Dagger            |    87 |   114 |   132 |       ||   333
       Constrict         |    23 |    24 |    57 |    81 ||   185
       Tentacles         |    15 |    21 |    54 |   104 ||   194
       Great sword       |       |       |    75 |   340 ||   415
       Short sword       |       |       |    22 |    21 ||    43
Throw: Stone             |    25 |    10 |    29 |    32 ||    96
       Javelin           |       |     2 |     7 |     9 ||    18
       Tomahawk          |       |       |     3 |    48 ||    51
 Cast: Dazzling Spray    |       |     3 |    11 |     9 ||    23
       Corona            |       |       |     2 |       ||     2
       Confuse           |       |       |     6 |     2 ||     8
       Tukima's Dance    |       |       |     4 |     2 ||     6
       Sticky Flame      |       |       |       |    10 ||    10
       Fireball          |       |       |       |     1 ||     1
Invok: Curse Item        |       |       |     1 |     2 ||     3
Evoke: Wand              |       |       |       |     6 ||     6
  Use: Scroll            |       |     4 |     5 |    21 ||    30
       Potion            |       |       |     2 |     6 ||     8
 Stab: Sleeping          |     8 |    19 |    10 |    18 ||    55
       Invisible         |       |       |     6 |     2 ||     8
       Distracted        |       |       |     2 |     3 ||     5
  Eat: Bread ration      |     1 |     1 |       |       ||     2
       Beef jerky        |       |     1 |     1 |     2 ||     4
       Pizza             |       |       |     1 |       ||     1
       Chunk             |       |       |     4 |    22 ||    26
       Meat ration       |       |       |     1 |     1 ||     2
       Fruit             |       |       |     4 |       ||     4
       Royal jelly       |       |       |       |     1 ||     1
Armor: Skin              |     1 |     8 |     5 |    16 ||    30
Dodge: Dodged            |    58 |    68 |   174 |   364 ||   664
       Rpst.: Great sword |       |       |    20 |    86 ||   106
